 Dungeon Crawl Stone Soup version 0.31-a0-112-gdf0485fa37 (webtiles) character file.

Game seed: 14554962668111743275

73 NateTC the Magician (level 4, -8/31 HPs)
             Began as a Djinni Air Elementalist on May 28, 2023.
             Killed by divine providence
             ... invoked by an orc priest
              (13 damage)
             ... on level 3 of the Dungeon.
             The game lasted 00:01:40 (1766 turns).

NateTC the Magician (Djinni Air Elementalist)       Turns: 1766, Time: 00:01:40

Health: -8/31      AC:  8    Str: 11    XL:     4   Next: 51%
Gold:   168        EV: 12    Int: 18    God:
                   SH:  0    Dex: 14

rFire   + + .        (no weapon)
rCold   x . .        (no shield)
rNeg    . . .        a - +0 robe
rPois   ∞            g - +2 helmet
rElec   .            f - +0 cloak
rCorr   .            b - +1 pair of gloves of Immorality {Str+4}
SInv    .            (boots unavailable)
Will    .....        (no amulet)
Stlth   ++           (no ring)
HPRegen 0.25/turn    (no ring)
MPRegen 0.00/turn

%: infuse magic (-9 HP)
@: flying
A: sickness immunity, fire resistance 2, cold vulnerability 1, float, innate
caster, HP casting, extra vitality 1
a: no special abilities


You were on level 3 of the Dungeon.
You visited 1 branch of the dungeon, and saw 3 of its levels.

You collected 168 gold pieces.

Inventory:

Armour
 a - a +0 robe (worn)
 b - the +1 pair of gloves of Immorality (worn) {Str+4}
   (You acquired it on level 2 of the Dungeon)

   Str:       It affects your strength (+4).
 f - a +0 cloak (worn)
 g - a +2 helmet (worn)
Scrolls
 e - a scroll of fog {unknown}
 h - a scroll of poison {unknown}
 i - a scroll of teleportation {unknown}
Potions
 c - 2 potions of enlightenment {unknown}
 d - a potion of haste {unknown}


   Skills:
 - Level 2.1 Dodging
 - Level 1.5 Stealth
 * Level 4.2 Spellcasting
 * Level 4.2 Conjurations
 * Level 4.2 Hexes
   Level 0.0 Charms
 * Level 4.2 Summonings
 * Level 4.2 Necromancy
 * Level 4.2 Translocations
 * Level 4.2 Transmutations
 * Level 4.2 Fire Magic
 * Level 4.2 Ice Magic
 * Level 4.2 Air Magic
 * Level 4.2 Earth Magic
 * Level 4.2 Poison Magic


You knew the following spells:

 Your Spells              Type           Power      Damage    Failure   Level
a - Shock                 Conj/Air       72%        1d7       2%          1
b - Static Discharge      Conj/Air       36%        2-4/arc   3%          2
c - Swiftness             Air            18%        N/A       8%          3
d - Airstrike             Air            9%         2d(2-18)  26%         4
e - Sandblast             Erth           36%        2d10      2%          1
Your spell library was empty.

Dungeon Overview and Level Annotations

Branches:
Dungeon (3/15) Zot: 16233

Altars:
Wu Jian

Shops:
D:1 [


Innate Abilities, Weirdness & Mutations

You are immune to sickness and miasma.
You are immune to poison.
Your flesh is very heat resistant. (rF++)
You are vulnerable to cold. (rC-)
You float through the air rather than walking.
You learn spells naturally, not from books.
Your magical power is your life essence.
You have superior vitality. (+4 MHP)


Message History

The orc hits you with a +0 flail.
An orc is nearby!
The zap hits the orc but does no damage.
The orc is severely wounded.
The orc hits you with a +0 flail.
An orc is nearby!
An orc is nearby!
The zap hits the orc.
You kill the orc!
You can't see any susceptible monsters within range! (Use Z to cast anyway.)
An orc priest comes into view. It is wielding a +0 flail.
The zap hits the orc priest.
The orc priest is moderately wounded.
The orc priest shouts!
The zap hits the orc priest.
The orc priest is heavily wounded.
The zap hits the orc priest.
The orc priest is almost dead.
The orc priest calls down the wrath of Beogh upon you.
Beogh smites you!
* * * LOW HITPOINT WARNING * * *
You are too injured to fight recklessly!
An orc priest is nearby!
You are too injured to fight recklessly!
An orc priest is nearby!
You are too injured to fight recklessly!
An orc priest is nearby!
An orc priest is nearby!
You are too injured to fight recklessly!
Casting: Shock (safe; 2% risk of failure)
Confirm with . or Enter, or press ? or * to list all spells.
Aiming: Shock (safe; 2% risk of failure)
Press: ? - help, Shift-Dir - straight line, f/p - orc priest
Aim: an orc priest, wielding a +0 flail and wearing a +0 scale mail (almost dead, 75% to hit)
The zap hits the orc priest but does no damage.
The orc priest is almost dead.
* * * LOW HITPOINT WARNING * * *
The orc priest mumbles some strange prayers to Beogh against you.
Beogh smites you!
You die...

##.........## #.#
#.#........### #..
##......(...# ###
#...........#
##.....).<..#
###........#
####.....#.# #
#.......##.###########
###@................
#)####.########.##


PP.P #.# #....... ...... #.# #.###.## PPPPPP.P#.####....... Po))..P#......###.##
P.P.P.P#.####.##.... ....P.P#.# #.##.... #.# #.##.... You could see an orc
priest.

Vanquished Creatures
  2 adders
  2 worms
  7 orcs (D:3)
  A bat (D:1)
  6 endoplasms
  A giant cockroach (D:3)
  3 goblins (D:1)
  3 hobgoblins
  A quokka (D:2)
  3 ball pythons
  4 frilled lizards
  5 kobolds
  3 rats
41 creatures vanquished.

Notes
Turn   | Place    | Note
-------+----------+-------------------------------------------
     0 | D:1      | NateTC the Djinni Air Elementalist began the quest for the
                  | Orb.
     0 | D:1      | NateTC set off with the following spells memorised: Shock,
                  | Static Discharge, Swiftness, Airstrike.
     0 | D:1      | Reached XP level 1. HP: 15/15 MP: 0/0
    95 | D:1      | Reached XP level 2. HP: 18/21 MP: 0/0
   460 | D:1      | You are sucked into a shaft and drop 1 floor!
   639 | D:1      | Found Naazxausm's Antique Armour Shoppe.
   772 | D:2      | Reached XP level 3. HP: 19/25 MP: 0/0
   772 | D:2      | Learned a level 1 spell: Sandblast
  1314 | D:2      | Identified a scroll of acquirement
  1314 | D:2      | Acquired the +1 pair of gloves of Immorality {Str+4}
  1512 | D:3      | Reached XP level 4. HP: 29/31 MP: 0/0
  1652 | D:3      | Found an ornate altar of the Wu Jian Council.
  1659 | D:3      | Noticed a spectral centipede
  1659 | D:3      | Noticed a spectral black mamba
  1659 | D:3      | Noticed a spectral cane toad
  1766 | D:3      | Killed from afar by an orc priest

Illustrated notes

Levels and vault maps discovered:
D:1:      reono_arrival_mine, layout_basic, serial_shops, shop,
          minmay_misc_feat_square, hangedman_decor_diamond_cutter
D:2:      layout_loops_ring
D:3:      layout_loops_ring, pdpol_wu_jian_five_deadly_venoms,
          nicolae_hexahallways, minmay_hedge_maze

Skill      XL: |  1  2  3 |
---------------+----------+-----
Spellcasting   | 4 |  4.2
Conjurations   | 4 |  4.2
Hexes          | 4 |  4.2
Summonings     | 4 |  4.2
Necromancy     | 4 |  4.2
Translocations | 4 |  4.2
Transmutations | 4 |  4.2
Fire Magic     | 4 |  4.2
Ice Magic      | 4 |  4.2
Air Magic      | 4 |  4.2
Earth Magic    | 4 |  4.2
Poison Magic   | 4 |  4.2
Dodging        | |  2.1
Stealth        | |  1.5

Action                     |  1- 3 |  4- 6 || total
---------------------------+-------+-------++-------
   Cast: Shock             |    65 |    30 ||    95
    Use: Scroll            |     2 |       ||     2
 Armour: Robe              |     1 |       ||     1
  Dodge: Dodged            |       |     1 ||     1

Table legend: (Time is in decaauts)
 A = Elapsed time spent in this place.
 B = Non-inter-level travel time spent in this place.
 C = Inter-level travel time spent in this place.
 D = Time resting spent in this place.
 E = Time spent auto-exploring this place.
 F = Levels seen in this place.
 G = Mean time per level.
                   A        B        C        D        E       F      G
               +--------+--------+--------+--------+--------+-----+--------+
         Total |   1765 |   1692 |     73 |      0 |   1500 |   3 |  588.3 |
       Dungeon |   1765 |   1692 |     73 |      0 |   1500 |   3 |  588.3 |
               +--------+--------+--------+--------+--------+-----+--------+

Top non-repeatable levels by time:
     D:2: 746 daAuts
     D:1: 592 daAuts
     D:3: 426 daAuts
